 Dungeon Crawl Stone Soup version 0.27.1-3-gb3d3a73c9e (webtiles) character file.

Game seed: 16400190918679898063

6197 Crownlay the Cleaver (level 10, -4/93 HPs)
             Began as a Hill Orc Fighter on Oct 24, 2021.
             Was a Priest of Trog.
             Slain by a skeletal warrior (12 damage)
             ... led by a skeletal warrior
             ... on level 9 of the Dungeon.
             The game lasted 00:13:00 (10695 turns).

Crownlay the Cleaver (Hill Orc Fighter)            Turns: 10695, Time: 00:13:01

Health: -4/93      AC: 16    Str: 23    XL:     10   Next: 91%
Magic:  10/10      EV:  6    Int: 14    God:    Trog [***...]
Gold:   451        SH:  0    Dex: 10    Spells: 9/9 levels left

rFire    . . .     SeeInvis .   a - +0 war axe
rCold    . . .     Faith    .   (no shield)
rNeg     . . .     Spirit   .   q - +0 plate armour
rPois    .         Reflect  .   p - +2 helmet
rElec    .         Harm     .   (no cloak)
rCorr    .         Rampage  .   k - +0 pair of gloves
Will     ++...                  h - +0 pair of boots
Stlth    ..........             (no amulet)
HPRegen  1.25/turn              r - +6 ring of intelligence
MPRegen  0.12/turn              (no ring)

@: strong-willed, on berserk cooldown, regenerating, hasted and slowed
A: no striking features
a: Renounce Religion, Berserk, Trog's Hand


You were on level 9 of the Dungeon.
You worshipped Trog.
Trog was most pleased with you.
You visited 1 branch of the dungeon, and saw 9 of its levels.

You collected 451 gold pieces.

Inventory:

Hand Weapons
 a - a +0 war axe (weapon)
 n - a +0 giant club
Missiles
 e - 41 poisoned darts (quivered)
 y - 2 silver javelins
Armour
 c - a +0 kite shield
 h - a +0 pair of boots (worn)
 k - a +0 pair of gloves (worn)
 p - a +2 helmet (worn)
 q - a +0 plate armour (worn)
Jewellery
 r - a +6 ring of intelligence (left hand)
Wands
 t - a wand of flame (14)
 C - a wand of iceblast (7)
 E - a wand of digging (6)
 G - a wand of charming (12)
Scrolls
 b - 2 scrolls of fear
 i - a scroll of brand weapon {unknown}
 l - 3 scrolls of enchant armour
 m - a scroll of blinking {unknown}
 v - a scroll of acquirement {unknown}
 w - 2 scrolls of summoning
 F - 2 scrolls of teleportation {unknown}
Potions
 d - a potion of might
 f - 5 potions of curing
 g - 3 potions of haste
 j - 2 potions of ambrosia
 o - a potion of cancellation {unknown}
 s - a potion of mutation {unknown}
 u - 2 potions of attraction {unknown}
 x - a potion of degeneration {unknown}
 z - a potion of experience {unknown}
 A - a potion of flight {unknown}
 D - 2 potions of heal wounds {unknown}


   Skills:
 - Level 10.0 Fighting
 - Level 14.0 Axes
 - Level 3.2 Armour
 + Level 6.5 Shields
 * Level 7.1 Evocations


You had 9 spell levels left.
You didn't know any spells.
Your spell library was empty.

Dungeon Overview and Level Annotations

Branches:
Dungeon (9/15)             Temple (0/1) D:5            Lair (0/6) D:8
    Orc: D:9-12

Altars:
Dithmenos
Gozag
Hepliaklqana
Kikubaaqudgha
Nemelex Xobeh
Sif Muna
Trog
Vehumet
The Shining One

Shops:
D:5 *


Message History

You open the door.
There is an open door here.
You open the door.
There is an open door here.
As you open the door, it creaks loudly!
There is an open door here.
Found a leather armour.
A skeletal warrior comes into view. It is wielding a +0 mace.
Your skin crawls.
You feel strong-willed.
A skeletal warrior comes into view. It is wielding a +0 trident.
A red film seems to cover your vision as you go berserk!
You feel yourself moving faster!
You feel mighty!
A skeletal warrior comes into view. It is wielding a +4 long sword.
You feel a strong urge to attack something.
The skeletal warrior hits you but does no damage.
You feel your anger nearly subside.
You are no longer berserk.
You are exhausted.
You feel yourself slow down.
The skeletal warrior hits you with a +0 mace!
The skeletal warrior throws a stone.
The stone hits you!
The skeletal warrior hits you with a +0 mace!
The skeletal warrior hits you with a +0 mace!
You feel the effects of Trog's Hand fading.
The skeletal warrior hits you with a +0 mace!!
The skeletal warrior hits you but does no damage.
Your skin stops crawling.
You feel less strong-willed.
The skeletal warrior hits you with a +0 mace!
Your skin crawls.
You feel strong-willed.
The skeletal warrior hits you from afar with a +0 trident!
The skeletal warrior hits you with a +0 mace!
* * * LOW HITPOINT WARNING * * *
You feel yourself speed up.
The skeletal warrior hits you with a +0 mace!
* * * LOW HITPOINT WARNING * * *
The skeletal warrior hits you from afar with a +0 trident!
* * * LOW HITPOINT WARNING * * *
The skeletal warrior hits you from afar with a +0 trident!
You die...

..... +......# ....
#......# ... #......### ..
#........# .
#.#####..######
#z#...#.......#
#z#...#.......#
#z#...#.......#
#@#...+.......#
#.#...#.......#
#.#...'.......#
############.#...#.......#
.............#####.......#
########..............####
#.########.....#
#.'......#.....#
#.#......#.....#


You could see 3 skeletal warriors.

Vanquished Creatures
  A two-headed ogre (D:7)
  A death yak (D:8)
  Pikel (D:7)
  Prince Ribbit (D:6)
  Grinder (D:6)
  A wraith (D:7)
  A wyvern (D:8)
  A basilisk (D:8)
  Eustachio (D:4)
  2 water moccasins
  An orc warrior (D:8)
  3 sky beasts
  A black bear (D:8)
  4 ogres
  2 lemures (D:7)
  3 phantoms
  2 centaurs (D:7)
  3 bullfrogs
  A kobold brigand (D:8)
  2 scorpions
  A water moccasin zombie (D:5)
  10 killer bees
  A howler monkey (D:5)
  A bullfrog zombie (D:6)
  2 centaur zombies
  A jelly (D:5)
  A gnoll shaman (D:8)
  3 hounds
  10 orc priests
  A bullfrog skeleton (D:7)
  A centaur skeleton (D:4)
  4 iguanas
  7 orc wizards
  A hound skeleton (D:4)
  Robin (D:4)
  A howler monkey zombie (D:8)
  3 adders
  9 gnolls
  3 shadow imps
  2 white imps (D:5)
  2 ufetubi
  6 worms
  A dart slug (D:4)
  27 orcs
  12 ball pythons
  7 endoplasms
  7 giant cockroaches
  18 goblins
  2 hobgoblins (D:4)
  3 quokkas
  10 bats
  2 frilled lizards
  13 kobolds
  4 rats
210 creatures vanquished.

Vanquished Creatures (others)
  A human (D:8)
1 creature vanquished.

Grand Total: 211 creatures vanquished

Notes
Turn   | Place    | Note
-------+----------+-------------------------------------------
     0 | D:1      | Crownlay the Hill Orc Fighter began the quest for the Orb.
     0 | D:1      | Reached XP level 1. HP: 19/19 MP: 1/1
   123 | D:1      | Reached skill level 3 in Axes
   239 | D:1      | Reached XP level 2. HP: 27/27 MP: 2/2
   462 | D:1      | Noticed a shining eye
   464 | D:1      | Found a faded altar of an unknown god.
   468 | D:1      | Noticed a great orb of eyes
   473 | D:1      | Noticed a golden eye
   479 | D:1      | Noticed a shining eye
   488 | D:1      | Became a worshipper of Trog the Wrathful
   488 | D:1      | Reached * piety under Trog
   576 | D:1      | Reached skill level 4 in Axes
   775 | D:1      | Reached XP level 3. HP: 15/33 MP: 3/3
  1766 | D:2      | Reached XP level 4. HP: 41/41 MP: 4/4
  2040 | D:2      | Reached ** piety under Trog
  2055 | D:2      | Reached skill level 5 in Axes
  2497 | D:3      | Reached XP level 5. HP: 24/43 MP: 5/5
  2697 | D:3      | Reached skill level 6 in Axes
  2701 | D:3      | Reached skill level 5 in Fighting
  3152 | D:3      | Found an opulent altar of Gozag.
  3256 | D:4      | Noticed Robin
  3265 | D:4      | Killed Robin
  3282 | D:4      | Reached *** piety under Trog
  3414 | D:4      | Noticed a phantom
  3426 | D:4      | Killed a phantom
  3427 | D:4      | Reached skill level 7 in Axes
  3427 | D:4      | Reached XP level 6. HP: 32/56 MP: 6/6
  4007 | D:4      | Noticed Eustachio
  4023 | D:4      | Killed Eustachio
  4024 | D:4      | Reached skill level 8 in Axes
  4024 | D:4      | Reached XP level 7. HP: 63/63 MP: 7/7
  4130 | D:5      | Entered Level 5 of the Dungeon
  4227 | D:5      | Reached skill level 9 in Axes
  4425 | D:5      | Found a staircase to the Ecumenical Temple.
  4454 | D:5      | Reached XP level 8. HP: 32/73 MP: 8/8
  4648 | D:5      | Reached skill level 10 in Axes
  5124 | D:5      | Found Kuywud's Assorted Antiques.
  5593 | D:5      | Found a shimmering blue altar of Sif Muna.
  5676 | D:5      | Reached skill level 11 in Axes
  5688 | D:5      | Found a shadowy altar of Dithmenos.
  5816 | D:6      | Noticed Grinder
  5977 | D:6      | Killed Grinder
  5985 | D:6      | Reached XP level 9. HP: 80/82 MP: 9/9
  5997 | D:6      | Noticed Prince Ribbit
  6010 | D:6      | Killed Prince Ribbit
  6011 | D:6      | Reached skill level 12 in Axes
  6099 | D:6      | Found a sparkling altar of Nemelex Xobeh.
  6532 | D:6      | Found a glowing golden altar of the Shining One.
  6543 | D:6      | Reached skill level 13 in Axes
  6602 | D:6      | Identified the +1 robe "Xaikkeg" {*Corrode rElec rF-
                  | Regen+}
  7487 | D:7      | Found a hazy altar of Hepliaklqana.
  7534 | D:7      | Reached skill level 10 in Fighting
  7534 | D:7      | Reached skill level 14 in Axes
  7534 | D:7      | Reached skill level 1 in Evocations
  7621 | D:7      | Reached XP level 10. HP: 89/93 MP: 10/10
  7707 | D:7      | Noticed a two-headed ogre
  7730 | D:7      | Killed a two-headed ogre
  8115 | D:7      | Noticed Pikel
  8134 | D:7      | Killed Pikel
  8135 | D:7      | Reached skill level 5 in Shields
  8275 | D:7      | Reached skill level 5 in Evocations
  8596 | D:7      | Found a radiant altar of Vehumet.
  8947 | D:8      | Noticed a death yak
  8981 | D:8      | Killed a death yak
  9139 | D:8      | Found an ancient bone altar of Kikubaaqudgha.
  9944 | D:8      | Found a staircase to the Lair.
 10672 | D:9      | Noticed a skeletal warrior
 10678 | D:9      | Noticed a skeletal warrior
 10680 | D:9      | Noticed a skeletal warrior
 10695 | D:9      | Slain by a skeletal warrior

Illustrated notes

Levels and vault maps discovered:
D:1:      dpeg_arrival_lava_temple_mockup, layout_basic,
          hellmonk_ecumenical_altar_watching_god
D:2:      layout_loops_corners, chequers_jeans
D:3:      layout_loops_ring, lemuel_round_altar, amethyst_killhole
D:4:      layout_basic, uniq_robin, uniq_eustachio
D:5:      layout_loops_corners, mainiacjoe_overflow_alcove_4,
          kennysheep_mini_moat, minmay_temple_entry_waves, serial_shops,
          nicolae_take_the_stairs, eino_small_chamber_without_monster,
          minivault_19, minmay_fractal_squares_5
D:6:      layout_rooms, nemelex_xobeh_ov_fountains_minmay,
          mainiacjoe_overflow_cross_hatched, uniq_prince_ribbit1, uniq_grinder
D:7:      layout_cave_pools, mainiacjoe_overflow_concentric_impassable,
          marbit_many_paths, minmay_crossroads, uniq_pikel
D:8:      layout_basic, tgw_kikubaaqudgha, david_lair_generic, eino_jars
D:9:      layout_irregular_city, trog_wizard, serial_shops, shop

Skill      XL: |  1  2  3  4  5  6  7  8  9 10 |
---------------+-------------------------------+-----
Axes           | 3 4 5 7 8 9 11 14 | 14.0
Fighting       | 4 5 6 7 8 10 | 10.0
Evocations     | 1 7 |  7.1
Shields        | 6 |  6.5
Armour         | |  3.2

Action                   |  1- 3 |  4- 6 |  7- 9 | 10-12 || total
-------------------------+-------+-------+-------+-------++-------
Melee: War axe           |    87 |   146 |   346 |   206 ||   785
Throw: Dart              |     9 |     5 |    18 |    13 ||    45
Invok: Berserk           |     1 |     2 |     4 |     5 ||    12
       Trog's Hand       |       |     4 |    12 |    11 ||    27
  Use: Scroll            |       |       |     5 |     2 ||     7
       Potion            |       |       |       |     1 ||     1
Armor: Scale mail        |    33 |    64 |       |       ||    97
       Plate armour      |       |    27 |   288 |   145 ||   460
Dodge: Dodged            |    41 |    79 |    89 |    62 ||   271
